 Dungeon Crawl Stone Soup version 0.29-a0-323-g050149af67 (webtiles) character file.

Game seed: 14850682536935858787

10700 Essalna the Blocker (level 11, -1/102 HPs)
             Began as a Minotaur Fighter on Apr 10, 2022.
             Was an Elder of Uskayaw.
             Slain by a green ugly thing (9 damage)
             ... on level 12 of the Dungeon.
             The game lasted 00:17:02 (12304 turns).

Essalna the Blocker (Minotaur Fighter)             Turns: 12304, Time: 00:17:02

Health: -1/102     AC: 10    Str: 32    XL:     11   Next: 39%
Magic:  6/10       EV: 10    Int:  5    God:    Uskayaw [****..]
Gold:   923        SH:  6    Dex:  9    Spells: 10/10 levels left

rFire   . . .      SeeInvis .   y - +1 hand axe (elec)
rCold   . . .      Faith    .   c - +0 buckler
rNeg    . . .      Spirit   .   b - +0 scale mail
rPois   .          Reflect  .   (helmet restricted)
rElec   .          Harm     .   (no cloak)
rCorr   +          Rampage  .   n - +0 pair of gloves
Will    .....                   (no boots)
Stlth   ..........              (no amulet)
HPRegen 0.27/turn               f - +6 ring of strength
MPRegen 0.12/turn               D - ring of resist corrosion

@: no status effects
A: horns 2, retaliatory headbutt
a: Renounce Religion, Stomp, Line Pass


You were on level 12 of the Dungeon.
You worshipped Uskayaw.
Uskayaw was noncommittal.
You visited 1 branch of the dungeon, and saw 12 of its levels.

You collected 923 gold pieces.

Inventory:

Hand Weapons
 a - a +0 war axe
 y - a +1 hand axe of electrocution (weapon)
Missiles
 d - 4 throwing nets (quivered)
Armour
 b - a +0 scale mail (worn)
 c - a +0 buckler (worn)
 n - a +0 pair of gloves (worn)
 E - a +0 kite shield
Jewellery
 f - a +6 ring of strength (left hand)
 w - a ring of positive energy
 D - a ring of resist corrosion (right hand)
Wands
 K - a wand of flame (15)
Scrolls
 e - 6 scrolls of identify {unknown}
 h - 2 scrolls of magic mapping {unknown}
 l - 2 scrolls of brand weapon {unknown}
 m - 3 scrolls of vulnerability {unknown}
 r - 4 scrolls of noise {unknown}
 t - 2 scrolls of fear {unknown}
 u - a scroll of holy word {unknown}
 v - 2 scrolls of enchant weapon {unknown}
 x - 4 scrolls of fog {unknown}
 A - 2 scrolls of blinking {unknown}
 B - 2 scrolls of enchant armour {unknown}
 C - 5 scrolls of teleportation {unknown}
 G - 2 scrolls of amnesia {unknown}
 L - a scroll of immolation {unknown}
Potions
 g - 4 potions of curing
 i - a potion of attraction
 j - 3 potions of heal wounds
 k - a potion of berserk rage {unknown}
 o - 2 potions of degeneration {unknown}
 p - a potion of haste
 q - 2 potions of brilliance {unknown}
 s - 3 potions of ambrosia {unknown}
 z - a potion of magic {unknown}
 F - a potion of experience {unknown}
 H - 2 potions of mutation {unknown}
 I - 3 potions of flight {unknown}
 J - a potion of lignification {unknown}


   Skills:
 + Level 11.4 Fighting
 + Level 11.1 Axes
 + Level 11.4 Armour
 + Level 11.5 Shields


You had 10 spell levels left.
You didn't know any spells.
Your spell library contained the following spells:

 Spells                   Type           Power      Damage    Failure   Level
 Shock                    Conj/Air       0%         1d3       73%         1
 Blink                    Tloc           0%         N/A       86%         2
 Sublimation of Blood     Necr           0%         N/A       86%         2
 Wereblood                Tmut           0%         N/A       86%         2
 Conjure Flame            Conj/Fire      0%         6-21      97%         3
 Ignite Poison            Fire/Tmut/Pois 0%         N/A       97%         3
 Tukima's Dance           Hex            0%         N/A       97%         3
 Anguish                  Hex/Necr       0%         N/A       100%        4
 Hailstorm                Conj/Ice       0%         3d3       100%        4
 Ice Form                 Ice/Tmut       0%         N/A       100%        4
 Sticky Flame             Conj/Fire      0%         2d3       100%        4
 Fireball                 Conj/Fire      0%         3d3       100%        5
 Iskenderun's Battlesphe  Conj           0%         2d6       100%        5
 Manifold Assault         Tloc           0%         N/A       100%        5
 Summon Forest            Summ/Tloc      0%         N/A       100%        5
 Conjure Ball Lightning   Conj/Air       0%         3x3d6     100%        6
 Eringya's Noxious Bog    Tmut/Pois      0%         N/A       100%        6
 Simulacrum               Ice/Necr       0%         N/A       100%        6
 Enfeeble                 Hex            0%         N/A       100%        7
 Orb of Destruction       Conj           0%         9d5       100%        7
 Storm Form               Tmut/Air       0%         N/A       100%        7
 Summon Hydra             Summ           0%         N/A       100%        7
 Fire Storm               Conj/Fire      0%         5d1       100%        9


Dungeon Overview and Level Annotations

Branches:
Dungeon (12/15)            Temple (0/1) D:4
   Lair: D:8-11         Orc: D:9-12

Altars:
Ashenzari
Dithmenos
Elyvilon
Kikubaaqudgha
Makhleb
Okawaru
Qazlal
Sif Muna
Trog
Uskayaw
Wu Jian

Shops:
D:8 *   D:11 (


Innate Abilities, Weirdness & Mutations

You have a pair of horns on your head.
You reflexively headbutt those who attack you in melee.


Message History

The eight-headed hydra barely misses you.
The eight-headed hydra bites you.
The eight-headed hydra bites you but does no damage.
The eight-headed hydra bites you.
The eight-headed hydra bites you but does no damage.
The eight-headed hydra barely misses you.
You block the eight-headed hydra's attack.
You slash the green ugly thing!
Your headbutt misses the green ugly thing.
The green ugly thing is heavily wounded.
You hit the eight-headed hydra but do no damage.
The green ugly thing is no longer sharing its pain.
The eight-headed hydra is no longer sharing its pain.
You can now merge with and destroy a victim.
You hit the green ugly thing but do no damage.
Your headbutt misses the green ugly thing.
The green ugly thing is heavily wounded.
You hit the eight-headed hydra. The green ugly thing pecks you!
* * * LOW HITPOINT WARNING * * *
The eight-headed hydra bites you but does no damage.
The eight-headed hydra bites you!
* * * LOW HITPOINT WARNING * * *
You block the eight-headed hydra's attack.
The eight-headed hydra bites you.
* * * LOW HITPOINT WARNING * * *
You block the eight-headed hydra's attack. x2
The eight-headed hydra bites you!
* * * LOW HITPOINT WARNING * * *
The eight-headed hydra bites you but does no damage.
Okay, then.
Aiming: Line Pass
Press: ? - help, Dir - move target, f - green ugly thing
Aim: a green ugly thing (heavily wounded)
You can't stand on top of the monster!
Aiming: Line Pass
Press: ? - help, Dir - move target, p - green ugly thing The green ugly thing appears confused.
You can no longer merge with and destroy a victim.
The green ugly thing pecks you!
You die...

≈.....##.##....
≈.........../..
≈>.........#..
....#u.......
#.#.#........
#D#.#....u... ≈
#.#.#........
≈≈≈≈###u#.<........
≈≈≈....@...........
#≈#.#####..........
......).....
#######.#....
....## .##..# ## ..


You could see an eight-headed hydra and a green ugly thing (confused).

Vanquished Creatures
  The ghost of HotDog the Basher, a novice GrFi of the Shining One (D:8)
  An ugly thing (D:12)
  A rime drake (shapeshifter) (D:10)
  A troll (D:9)
  2 slime creatures (D:11)
  A hornet (D:6)
  A shadow (D:10)
  4 wyverns
  21 yaks
  A steam dragon (D:7)
  An acid dragon (D:9)
  3 water moccasins
  2 black bears (D:6)
  3 orc warriors
  A sky beast (D:6)
  2 ogres
  3 centaurs
  2 lemures (D:6)
  A phantom (D:6)
  4 kobold brigands
  A necrophage (D:5)
  6 bullfrogs
  3 scorpions
  8 wights
  17 killer bees (D:8)
  5 howler monkeys
  3 jellies
  5 orc priests
  4 hounds
  Terence (D:2)
  5 iguanas
  10 orc wizards
  27 gnolls
  6 adders
  A shadow imp (D:7)
  3 ufetubi
  A worm (D:3)
  2 dart slugs
  48 orcs
  4 endoplasms
  3 giant cockroaches
  17 goblins
  9 hobgoblins
  12 jackals (D:3)
  16 kobolds
  A quokka (D:1)
  5 ball pythons
  3 bats
  3 frilled lizards
  5 rats
290 creatures vanquished.

Vanquished Creatures (others)
  An orc wizard (D:8)
  4 plants
5 creatures vanquished.

Grand Total: 295 creatures vanquished

Notes
Turn   | Place    | Note
-------+----------+-------------------------------------------
     0 | D:1      | Essalna the Minotaur Fighter began the quest for the Orb.
     0 | D:1      | Reached XP level 1. HP: 19/19 MP: 0/0
   390 | D:1      | Got the Catalogue of the Arsonist and Attacks
   437 | D:1      | Reached XP level 2. HP: 25/27 MP: 1/1
   962 | D:2      | Reached XP level 3. HP: 16/33 MP: 2/2
  1534 | D:2      | Noticed Terence
  1543 | D:2      | Killed Terence
  1616 | D:2      | Reached XP level 4. HP: 40/41 MP: 3/3
  2072 | D:3      | Found a burning altar of Makhleb.
  2072 | D:3      | Found a hide-covered altar of Uskayaw.
  2211 | D:3      | Became a worshipper of Uskayaw the Reveller
  2396 | D:3      | Reached * piety under Uskayaw
  2437 | D:3      | Reached ** piety under Uskayaw
  2465 | D:3      | Noticed a kobold brigand
  2732 | D:3      | Reached *** piety under Uskayaw
  2733 | D:3      | Killed a kobold brigand
  2734 | D:3      | Reached XP level 5. HP: 28/47 MP: 4/4
  2734 | D:3      | Reached **** piety under Uskayaw
  2736 | D:3      | Reached skill level 5 in Armour
  2737 | D:3      | Reached skill level 5 in Shields
  2739 | D:3      | Reached skill level 5 in Fighting
  2992 | D:3      | Reached XP level 6. HP: 47/56 MP: 5/5
  3775 | D:3      | Reached skill level 5 in Axes
  3775 | D:3      | Reached XP level 7. HP: 20/62 MP: 6/6
  4108 | D:4      | Found a stormy altar of Qazlal.
  4434 | D:4      | Found a staircase to the Ecumenical Temple.
  4667 | D:4      | Found a shadowy altar of Dithmenos.
  4909 | D:5      | Entered Level 5 of the Dungeon
  5276 | D:5      | Reached XP level 8. HP: 63/71 MP: 7/7
  5901 | D:6      | Reached ***** piety under Uskayaw
  6006 | D:6      | Noticed a hornet
  6012 | D:6      | Killed a hornet
  6464 | D:6      | Reached XP level 9. HP: 61/81 MP: 8/8
  8344 | D:7      | Found a broken altar of Ashenzari.
  8360 | D:7      | Found an iron altar of Okawaru.
  8360 | D:7      | Found an ornate altar of the Wu Jian Council.
  8363 | D:7      | Found a white marble altar of Elyvilon.
  8365 | D:7      | Found a bloodstained altar of Trog.
  8623 | D:8      | Reached XP level 10. HP: 57/91 MP: 9/9
  9123 | D:8      | Noticed HotDog's ghost (novice GrFi)
  9128 | D:8      | Found a runed translucent gate.
  9128 | D:8      | Found a runed translucent gate.
  9130 | D:8      | Found a runed translucent gate.
  9130 | D:8      | Noticed a five-headed hydra
  9155 | D:8      | Reached skill level 10 in Shields
  9232 | D:8      | Found Ackitelo's Elemental Accessories.
  9321 | D:8      | Reached skill level 10 in Armour
  9323 | D:8      | Reached skill level 10 in Fighting
  9729 | D:8      | Killed HotDog's ghost
  9998 | D:9      | Reached skill level 10 in Axes
 10106 | D:9      | Found an ancient bone altar of Kikubaaqudgha.
 10666 | D:9      | Reached XP level 11. HP: 75/101 MP: 10/10
 10926 | D:10     | Entered Level 10 of the Dungeon
 11202 | D:10     | Found a shimmering blue altar of Sif Muna.
 12216 | D:11     | Found Huhe Ima's Weapon Shop.
 12270 | D:11     | Noticed a two-headed ogre
 12282 | D:12     | Noticed a red ugly thing
 12282 | D:12     | Noticed a green ugly thing
 12295 | D:12     | Noticed a four-headed hydra
 12295 | D:12     | Killed a red ugly thing
 12304 | D:12     | Slain by a green ugly thing

Illustrated notes

Levels and vault maps discovered:
D:1:      dpeg_arrival_water_fire, layout_basic, minmay_pentomino_p2
D:2:      layout_rooms, uniq_terence
D:3:      lemuel_castle_with_subvaults [lemuel_castle_interior_original],
          layout_loops_corners, gammafunk_temple_overflow_pools
D:4:      layout_loops_ring, mainiacjoe_overflow_small_starburst,
          mainiacjoe_overflow_surrounded_room, minmay_temple_entry_antechambers
D:5:      layout_loops_ring
D:6:      layout_basic, uniq_pikel
D:7:      corexii_shack_village, layout_loops_cross, minitemple
D:8:      layout_rooms, gammafunk_ghost_split, minivault_22, solitary_fountain,
          nicolae_elemental_shop, minmay_curled_crystal
D:9:      layout_long_grid, mainiacjoe_overflow_concentric_impassable
D:10:     layout_grid_maze, mainiacjoe_overflow_alcove_4
D:11:     layout_cave_pools, lair_entry_dummy, serial_shops,
          nicolae_shop_bloodbath_and_beyond, minivault_25_ag, uniq_maurice
D:12:     argonaut_augean_stables, layout_basic, hiddenorc2_lemuel,
          serial_shops, nicolae_shop_trees

Skill      XL: |  1  2  3  4  5  6  7  8  9 10 11 |
---------------+----------------------------------+-----
Fighting       | 4 5 6 7 9 10 11 | 11.4
Armour         | 4 5 6 7 9 10 11 | 11.4
Shields        | 4 5 6 8 9 10 11 | 11.5
Axes           | 3 4 5 7 9 10 11 | 11.1

Action                   |  1- 3 |  4- 6 |  7- 9 | 10-12 || total
-------------------------+-------+-------+-------+-------++-------
Melee: War axe           |    59 |   107 |    18 |       ||   184
       Headbutt          |    12 |    20 |    53 |    40 ||   125
       Hand axe          |       |       |   271 |   234 ||   505
Throw: Throwing net      |       |       |     1 |       ||     1
Invok: Line Pass         |       |       |       |     1 ||     1
  Use: Potion            |       |     1 |     3 |     4 ||     8
 Stab: Paralysed         |       |     5 |     8 |    28 ||    41
Armor: Scale mail        |    29 |    43 |   115 |    77 ||   264
Dodge: Dodged            |    26 |    53 |    99 |    94 ||   272
Block: Buckler           |    16 |    34 |    62 |    54 ||   166

Table legend: (Time is in decaauts)
 A = Elapsed time spent in this place.
 B = Non-inter-level travel time spent in this place.
 C = Inter-level travel time spent in this place.
 D = Time resting spent in this place.
 E = Time spent auto-exploring this place.
 F = Levels seen in this place.
 G = Mean time per level.
                   A        B        C        D        E       F      G
               +--------+--------+--------+--------+--------+-----+--------+
         Total |  12320 |  12057 |    263 |    189 |  10275 |  12 | 1026.7 |
       Dungeon |  12320 |  12057 |    263 |    189 |  10275 |  12 | 1026.7 |
               +--------+--------+--------+--------+--------+-----+--------+

Top non-repeatable levels by time:
     D:3: 2207 daAuts
     D:7: 1457 daAuts
     D:6: 1333 daAuts
     D:9: 1174 daAuts
     D:8: 1092 daAuts
    D:10: 1078 daAuts
     D:1: 974 daAuts
     D:2: 952 daAuts
     D:5: 906 daAuts
     D:4: 853 daAuts
    D:11: 267 daAuts
    D:12: 19 daAuts
